 Dungeon Crawl Stone Soup version 0.29-a0-464-g50448035db (webtiles) character file.

Game seed: 11870224966516215847

400 Bruhh the Magician (level 7, -3/48 HPs)
             Began as a Djinni Ice Elementalist on May 21, 2022.
             Slain by a wight
             ... wielding a +0 flail
              (6 damage)
             ... on level 3 of the Dungeon.
             The game lasted 00:05:50 (5719 turns).

Bruhh the Magician (Djinni Ice Elementalist)        Turns: 5719, Time: 00:05:51

Health: -3/48      AC:  9    Str:  7    XL:     7   Next: 10%
Gold:   180        EV: 12    Int: 18    God:
                   SH:  0    Dex: 14

rFire   + + .      SeeInvis .   n - +1 flail (venom)
rCold   x . .      Faith    .   (no shield)
rNeg    . . .      Spirit   .   a - +0 robe
rPois   ∞          Reflect  .   (no helmet)
rElec   .          Harm     .   (no cloak)
rCorr   .          Rampage  .   (no gloves)
Will    .....                   (boots unavailable)
Stlth   ++........              (no amulet)
HPRegen 0.16/turn               (no ring)
MPRegen 0.00/turn               (no ring)

@: mighty, ice-armoured, wereblooded, flying
A: sickness immunity, fire resistance 2, cold vulnerability 1, float, innate
caster, HP casting, extra vitality 1
a: no special abilities


You were on level 3 of the Dungeon.
You visited 1 branch of the dungeon, and saw 4 of its levels.

You collected 180 gold pieces.

Inventory:

Hand Weapons
 i - a +0 battleaxe
 n - a +1 flail of venom (weapon)
Missiles
 b - 2 throwing nets
 e - 4 silver javelins
Armour
 a - a +0 robe (worn)
Jewellery
 g - an amulet of faith
Wands
 k - a wand of iceblast (9)
 m - a wand of acid (7)
Scrolls
 c - 2 scrolls of vulnerability {unknown}
 h - 2 scrolls of teleportation {unknown}
 o - a scroll of poison {unknown}
 p - 3 scrolls of identify {unknown}
 q - a scroll of immolation {unknown}
Potions
 d - a potion of curing {unknown}
 f - a potion of ambrosia {unknown}
 j - a potion of lignification {unknown}
 l - a potion of brilliance {unknown}
 s - a potion of mutation {unknown}


   Skills:
 + Level 1.8 Fighting
 - Level 2.1 Dodging
 - Level 1.5 Stealth
 - Level 6.0 Spellcasting


You had one spell level left.
You knew the following spells:

 Your Spells              Type           Power      Damage    Failure   Level
a - Freeze                Ice            100%       1d11      1%          1
b - Frozen Ramparts       Ice            54%        1d7       3%          3
c - Ozocubu's Armour      Ice            27%        N/A       3%          3
d - Hailstorm             Conj/Ice       27%        3d7       10%         4
e - Magic Dart            Conj           100%       1d8       1%          1
f - Wereblood             Tmut           27%        N/A       1%          2
g - Swiftness             Air            27%        N/A       3%          3
Your spell library was empty.

Dungeon Overview and Level Annotations

Branches:
Dungeon (4/15)
 Temple: D:4-7

Altars:


Innate Abilities, Weirdness & Mutations

You are immune to sickness and miasma.
You are immune to poison.
Your flesh is very heat resistant. (rF++)
You are vulnerable to cold. (rC-)
You float through the air rather than walking.
You learn spells naturally, not from books.
Your magical power is your life essence.
You have superior vitality. (+4 MHP)


Message History

Your blood is infused with primal strength.
The wight resists.
The wall freezes the wight.
The wight hits you with a +0 flail.
Casting: Wereblood (safe; 1% risk of failure)
Confirm with . or Enter, or press ? or * to list all spells.
Okay, then.
You completely miss the wight.
The wight is lightly damaged.
The wight completely resists.
The wall freezes the wight but does no damage.
The wight barely misses you.
The wight completely resists.
The wall freezes the wight but does no damage.
The wight hits you with a +0 flail!
* * * LOW HITPOINT WARNING * * *
You barely miss the wight.
The wight is lightly damaged.
The wight resists.
The wall freezes the wight.
The wight hits you with a +0 flail.
* * * LOW HITPOINT WARNING * * *
Unknown command.
You hit the wight.
The wight is moderately damaged.
The wight resists.
The wall freezes the wight.
The wight hits you with a +0 flail.
* * * LOW HITPOINT WARNING * * *
You feel very mighty all of a sudden.
The frozen ramparts melt away.
The wight closely misses you.
You hit the wight.
The wight is moderately damaged.
The wight closely misses you. The wight hits you but does no damage.
You hit the wight but do no damage.
The wight is moderately damaged.
The wight hits you with a +0 flail.
* * * LOW HITPOINT WARNING * * *
You completely miss the wight.
The wight is moderately damaged.
The wight hits you with a +0 flail.
* * * LOW HITPOINT WARNING * * *
The wight hits you with a +0 flail.
You die...

######## #......# ###
#......# #.. #......#### #..
#.........########## ###..
#..................#####....
#...........######..........
##.......)..# ##.....##..
#.........@#######.######..
#.........z##......# #..
#..........#..###### ###
##........#..## ###
##....>...#..# #..
#....(.....#.############)#
#..........#........#......
#..........###...<.........
#..........##..............


You could see a wight.

Vanquished Creatures
  A black bear (D:2)
  A scorpion (D:4)
  Natasha (thrice) (D:3)
  4 gnolls (D:2)
  5 adders
  A worm (D:2)
  2 dart slugs (D:3)
  4 orcs
  8 endoplasms
  4 giant cockroaches
  8 goblins
  7 hobgoblins
  5 kobolds
  3 quokkas
  10 ball pythons
  7 bats
  5 frilled lizards
  6 rats
84 creatures vanquished.

Notes
Turn   | Place    | Note
-------+----------+-------------------------------------------
     0 | D:1      | Bruhh the Djinni Ice Elementalist began the quest for the
                  | Orb.
     0 | D:1      | Reached XP level 1. HP: 15/15 MP: 0/0
   264 | D:1      | Found a faded altar of an unknown god.
   336 | D:1      | Reached XP level 2. HP: 6/21 MP: 0/0
  1298 | D:1      | Reached XP level 3. HP: 25/25 MP: 0/0
  1298 | D:1      | Learned a level 1 spell: Magic Dart
  1600 | D:1      | Reached skill level 4 in Spellcasting
  2968 | D:2      | Reached XP level 4. HP: 18/31 MP: 0/0
  3408 | D:2      | Reached XP level 5. HP: 30/35 MP: 0/0
  3408 | D:2      | Learned a level 2 spell: Wereblood
  3733 | D:2      | Noticed a black bear
  3739 | D:2      | Killed a black bear
  3740 | D:2      | Reached skill level 5 in Spellcasting
  3740 | D:2      | Reached XP level 6. HP: 19/40 MP: 0/0
  4637 | D:3      | Noticed Natasha
  4645 | D:3      | Killed Natasha
  4807 | D:3      | Noticed Natasha
  4815 | D:3      | Killed Natasha
  5089 | D:3      | Noticed Natasha
  5096 | D:3      | Killed Natasha
  5387 | D:4      | Reached skill level 6 in Spellcasting
  5541 | D:4      | Reached skill level 1 in Fighting
  5541 | D:4      | Reached XP level 7. HP: 33/48 MP: 0/0
  5541 | D:4      | Learned a level 3 spell: Swiftness
  5719 | D:3      | Slain by a wight

Illustrated notes

Levels and vault maps discovered:
D:1:      kennysheep_arrival_seaside, layout_loops_corners,
          ebering_ecumenical_altar_abandoned, serial_bayou_lagoon_b
D:2:      layout_loops_ring, minmay_misc_feat_ornament
D:3:      layout_rooms, saegor_snake_ambush, uniq_natasha
D:4:      layout_cave_pods, gup_sewer_entry_spiral, serial_shops,
          kennysheep_little_box, st_stairs_10, uniq_ijyb

Skill      XL: |  1  2  3  4  5  6 |
---------------+-------------------+-----
Spellcasting   | 4 5 6 |  6.0
Fighting       | 1 |  1.8
Dodging        | |  2.1
Stealth        | |  1.5

Action                   |  1- 3 |  4- 6 |  7- 9 || total
-------------------------+-------+-------+-------++-------
Melee: Unarmed           |    17 |       |       ||    17
       Battleaxe         |    24 |     5 |       ||    29
       Flail             |       |    14 |     6 ||    20
       Punch             |       |     1 |       ||     1
 Cast: Freeze            |    49 |    69 |       ||   118
       Frozen Ramparts   |     1 |     3 |     1 ||     5
       Ozocubu's Armour  |       |       |     1 ||     1
       Wereblood         |       |       |     1 ||     1
  Use: Potion            |       |       |     1 ||     1
 Stab: Sleeping          |     1 |       |       ||     1
Armor: Robe              |    19 |    14 |     1 ||    34
Dodge: Dodged            |    53 |    48 |     6 ||   107

Table legend: (Time is in decaauts)
 A = Elapsed time spent in this place.
 B = Non-inter-level travel time spent in this place.
 C = Inter-level travel time spent in this place.
 D = Time resting spent in this place.
 E = Time spent auto-exploring this place.
 F = Levels seen in this place.
 G = Mean time per level.
                   A        B        C        D        E       F      G
               +--------+--------+--------+--------+--------+-----+--------+
         Total |   5746 |   5635 |    111 |      0 |   5014 |   4 | 1436.5 |
       Dungeon |   5746 |   5635 |    111 |      0 |   5014 |   4 | 1436.5 |
               +--------+--------+--------+--------+--------+-----+--------+

Top non-repeatable levels by time:
     D:1: 2568 daAuts
     D:2: 1569 daAuts
     D:3: 1252 daAuts
     D:4: 356 daAuts
